 Dungeon Crawl Stone Soup version 0.20.1-1-g8b1a95d (webtiles) character file.

8169 polly the Basher (level 11, 0/69 HPs)
             Began as a Gargoyle Gladiator on Dec 13, 2017.
             Shot with a bolt by an orc (3 damage)
             ... in a bailey.
             The game lasted 00:26:10 (9833 turns).

polly the Basher (Gargoyle Gladiator)               Turns: 9833, Time: 00:26:10

Health: 0/69       AC: 31    Str: 21    XL:     11   Next: 26%
Magic:  11/11      EV:  8    Int:  9    God:
Gold:   136        SH:  0    Dex: 11    Spells: 10/10 levels left

rFire    . . .     SeeInvis .   s - +0 arbalest
rCold    . . .     Gourm    .   (shield currently unavailable)
rNeg     + . .     Faith    .   I - +0 plate armour
rPois    ∞         Spirit   .   c - +0 helmet
rElec    +         Reflect  .   y - +0 cloak
rCorr    .         Harm     .   F - +0 pair of gloves
MR       .....     Rnd*Tele +   b - +2 pair of boots
Stlth    ..........             (no amulet)
Regen    0.3/turn               G - ring of teleportation
MPRegen  0.2/turn               (no ring)

@: hasted, very quick
A: iridescent scales 1, rugged brown scales 1, blink, negative energy resistance
1, electricity resistance, unbreathing, petrification resistance, rot immunity,
AC +7
a: Blink


You were in a bailey.
You were hungry.

You visited 1 branch of the dungeon, and saw 11 of its levels.
You also visited: Bailey.

You collected 373 gold pieces.
You spent 237 gold pieces at shops.

Inventory:

Hand Weapons
 s - a +0 arbalest (weapon)
 H - a +2 flail of crushing
Missiles
 d - 4 throwing nets
 J - 16 bolts (quivered)
Armour
 b - a +2 pair of boots (worn)
 c - a +0 helmet (worn)
 q - a +0 shield
 y - a +0 cloak (worn)
 F - a +0 pair of gloves (worn)
 I - a +0 plate armour (worn)
Jewellery
 G - a ring of teleportation (left hand)
Wands
 g - a wand of random effects (32/48)
 h - a wand of iceblast (0/15)
 x - a wand of random effects (19/48)
Scrolls
 e - 2 scrolls of amnesia {unknown}
 k - a scroll of fear {unknown}
 l - 3 scrolls of remove curse
 n - a scroll of random uselessness {unknown}
 o - 2 scrolls of enchant armour
 t - a scroll of immolation {unknown}
 u - 2 scrolls of recharging {unknown}
 w - 2 scrolls of teleportation {unknown}
 C - 2 scrolls of enchant weapon {unknown}
 D - 2 scrolls of identify
 E - a scroll of magic mapping {unknown}
Potions
 a - 2 potions of brilliance {unknown}
 i - a potion of resistance {unknown}
 j - a potion of degeneration {unknown}
 p - a potion of ambrosia
 r - a potion of agility {unknown}
 z - a potion of invisibility {unknown}
 A - 2 potions of flight {unknown}
Comestibles
 f - 5 bread rations
 m - 10 fruits
 B - 4 meat rations


   Skills:
 + Level 7.4 Fighting
 + Level 11.0 Maces & Flails
 + Level 1.9 Throwing
 + Level 7.7 Armour
 + Level 4.5 Dodging
 - Level 0.5 Stealth
 + Level 8.9 Shields


You had 10 spell levels left.
You didn't know any spells.

Dungeon Overview and Level Annotations

Branches:
Dungeon (11/15)            Temple (0/1) D:7            Lair (0/6) D:9
    Orc: D:9-12

Altars:
Sif Muna
Yredelemnul

Shops:
D:6 !=   D:7 [


Innate Abilities, Weirdness & Mutations

You are resistant to torment.
Your stone body is resilient. (AC +7)
You are immune to poison.
You resist negative energy. (rN+)
You are resistant to electric shocks. (rElec)
You can survive without breathing.
You are immune to petrification.
You are immune to rotting.
You are partially covered in iridescent scales. (AC +2)
You are partially covered in rugged brown scales. (AC +1, +3% HP)
You can translocate small distances at will.


Message History

The orc knight hits you from afar with a halberd.
* * * LOW HITPOINT WARNING * * *
The orc shoots a bolt.
The bolt barely misses you.
The orc knight hits you from afar with a halberd!!
* * * LOW HITPOINT WARNING * * *
The orc shoots a bolt.
The bolt closely misses you.
You see here a bolt.
You feel yourself speed up.
The orc warrior hits you but does no damage.
The orc warrior closely misses you.
The orc shoots a bolt.
The bolt completely misses you. The orc knight completely misses you.
Okay, then.
You don't have enough health at the moment.
Okay, then.
Okay, then.
The orc knight roars a battlecry!
The orcs go into a battle-frenzy!
The orc warrior jeers repeatedly.
The orc shoots a bolt.
The bolt hits you.
You die...

########################
.......@.(o.(...........
.........o..............
...........o.(..........
..............(.........
........................
........................
≈≈≈.................≈≈≈≈
.#≈≈....o..........≈≈#.#
≈...............≈##.#


You could see an orc knight, 2 orc warriors and an orc.

Vanquished Creatures
  2 two-headed ogres
  A cyclops (D:11)
  Joseph (D:8)
  Maurice (D:8)
  A troll (D:11)
  A merfolk (D:9)
  A hornet (D:10)
  A wraith (D:10)
  3 wargs (D:9)
  A hungry ghost (D:7)
  A water moccasin (D:10)
  10 orc warriors
  4 ice beasts
  2 sky beasts (D:5)
  6 phantoms
  4 centaurs
  2 bullfrogs
  A big kobold (D:9)
  4 scorpions
  4 killer bees (D:9)
  3 wights (D:7)
  3 howler monkeys
  2 crimson imps
  4 hounds
  A gnoll shaman (D:5)
  9 orc priests
  3 iguanas
  9 orc wizards
  5 worker ants
  A killer bee zombie (D:7)
  A hound zombie (D:7)
  A hound skeleton (D:10)
  A howler monkey zombie (D:8)
  11 gnolls
  4 adders
  A howler monkey skeleton (D:8)
  2 shadow imps
  An ooze (D:1)
  An adder skeleton (D:6)
  2 worms
  A dart slug (D:1)
  6 leopard geckos
  34 orcs
  A ball python (D:3)
  5 giant cockroaches
  6 goblins
  8 hobgoblins
  30 jackals
  11 kobolds
  7 quokkas
  9 bats
  4 frilled lizards
  2 jackal skeletons
  A quokka zombie (D:8)
  8 rats
249 creatures vanquished.

Vanquished Creatures (others)
  A sky beast (D:8)
1 creature vanquished.

Grand Total: 250 creatures vanquished

Notes
Turn   | Place    | Note
-------+----------+-------------------------------------------
     0 | D:1      | polly the Gargoyle Gladiator began the quest for the Orb.
     0 | D:1      | Reached XP level 1. HP: 12/12 MP: 1/1
   231 | D:1      | Reached XP level 2. HP: 17/17 MP: 2/2
   303 | D:1      | Reached XP level 3. HP: 12/22 MP: 3/3
   720 | D:2      | Reached XP level 4. HP: 14/27 MP: 4/4
  1474 | D:2      | Reached skill level 1 in Armour
  1561 | D:3      | Reached skill level 4 in Maces & Flails
  1569 | D:3      | Reached XP level 5. HP: 16/31 MP: 5/5
  2284 | D:4      | Reached skill level 1 in Shields
  2319 | D:4      | Reached XP level 6. HP: 21/36 MP: 6/6
  2504 | D:4      | Noticed a phantom
  2563 | D:4      | Killed a phantom
  2563 | D:4      | Reached skill level 5 in Maces & Flails
  3122 | D:5      | Entered Level 5 of the Dungeon
  3197 | D:5      | Noticed an ice beast
  3209 | D:5      | Killed an ice beast
  3209 | D:5      | Reached XP level 7. HP: 41/41 MP: 7/7
  3732 | D:5      | Found a basalt altar of Yredelemnul.
  3752 | D:5      | Reached skill level 6 in Maces & Flails
  4174 | D:5      | Reached XP level 8. HP: 48/48 MP: 8/8
  4262 | D:5      | Gained mutation: You are partially covered in rugged brown scales. (AC +1, +3% HP) [mutagenic meat]
  4263 | D:5      | Gained mutation: You can translocate small distances at will. [mutagenic meat]
  4264 | D:5      | Gained mutation: You are partially covered in iridescent scales. (AC +2) [mutagenic meat]
  4445 | D:6      | Found Zekul's Jewellery Boutique.
  4709 | D:6      | Found Xiqeposi's Distillery.
  4717 | D:6      | Bought a potion of curing for 45 gold pieces
  4884 | D:6      | Reached skill level 7 in Maces & Flails
  4993 | D:6      | Found a deep blue altar of Sif Muna.
  5400 | D:7      | Found a staircase to the Ecumenical Temple.
  5477 | D:7      | HP: 2/49 [centaur (5)]
  5535 | D:7      | Reached skill level 5 in Armour
  5535 | D:7      | Reached XP level 9. HP: 48/54 MP: 9/9
  5577 | D:7      | Reached skill level 5 in Shields
  5681 | D:7      | Reached skill level 8 in Maces & Flails
  5815 | D:7      | Reached skill level 5 in Fighting
  6125 | D:7      | Found Godiukod's Armour Shop.
  6132 | D:7      | Bought a +0 helmet for 54 gold pieces
  6132 | D:7      | Bought a +1 pair of boots for 138 gold pieces
  6432 | D:8      | Noticed a two-headed ogre
  6446 | D:8      | Killed a two-headed ogre
  6446 | D:8      | Reached skill level 9 in Maces & Flails
  6473 | D:8      | Reached XP level 10. HP: 31/61 MP: 10/10
  6683 | D:8      | Noticed Maurice
  6796 | D:8      | Noticed Joseph
  6809 | D:8      | Paralysed by Joseph for 5 turns
  6819 | D:8      | Paralysed by Joseph for 2 turns
  6823 | D:8      | Killed Joseph
  6912 | D:8      | Killed Maurice
  7181 | D:9      | Found a staircase to the Lair.
  8033 | D:9      | Reached skill level 10 in Maces & Flails
  8379 | D:10     | Entered Level 10 of the Dungeon
  8729 | D:10     | Noticed a two-headed ogre
  8734 | D:10     | Killed a two-headed ogre
  8734 | D:10     | Reached XP level 11. HP: 41/69 MP: 11/11
  9188 | D:11     | Noticed a two-headed ogre
  9192 | D:11     | Noticed a cyclops
  9203 | D:11     | Killed a cyclops
  9221 | D:11     | Found a flagged portal.
  9228 | Bailey   | Entered a bailey
  9706 | Bailey   | Reached skill level 11 in Maces & Flails
  9770 | Bailey   | Noticed an orc knight
  9829 | Bailey   | HP: 2/69 [orc knight/halberd (18)]
  9833 | Bailey   | Shot with a bolt by an orc

Skill      XL: |  1  2  3  4  5  6  7  8  9 10 11 |
---------------+----------------------------------+-----
Dodging        | 3 4 |  4.5
Armour         | 1 2 4 5 6 7 |  7.7
Maces & Flails | 4 5 6 7 9 10 11 | 11.0
Shields        | 1 2 3 4 6 8 |  8.9
Fighting       | 3 4 5 7 |  7.4
Throwing       | |  1.9
Stealth        | |  0.5

Action                   |  1- 3 |  4- 6 |  7- 9 | 10-12 || total
-------------------------+-------+-------+-------+-------++-------
Melee: Flail             |   160 |   328 |   567 |   361 ||  1416
 Fire: Arbalest          |       |       |       |    12 ||    12
 Abil: Blink             |       |       |     1 |       ||     1
Evoke: Wand              |       |       |       |     3 ||     3
  Use: Potion            |       |       |     6 |     1 ||     7
       Scroll            |       |       |     5 |     1 ||     6
  Eat: Chunk             |       |     8 |    11 |     9 ||    28
       Royal jelly       |       |       |     3 |     1 ||     4
       Bread ration      |       |       |     1 |       ||     1
Armor: Leather armour    |    95 |    25 |       |       ||   120
       Chain mail        |       |   220 |   365 |   181 ||   766
       Plate armour      |       |       |       |   121 ||   121
Dodge: Dodged            |   211 |   117 |   141 |   141 ||   610
Block: Shield            |       |   138 |   287 |   241 ||   666
